cohdb
Replays
Latest Replays
All Replays
Popular Replays
Top Player Replays
Match Explorer
How It Works
Community
CoH3 Stats
Reddit
Sign in to upload your games and track your stats! →
Sign in with Steam
Match 41772698
Unlisted
Match 41772698
Overview
Messages
Build Orders
End
Kradschützen Motorcycle Team
250 Light Carrier
Selects Panzerjäger Kommand Battlegroup
Selects Mine Fields
Panzergrenadier Squad
Construct Light Support Kompanie
Selects GrB 39 Grenade Launcher Requisition
Fire Support Elements
Panzergrenadier Squad
Flakvierling Half-track
Veteran Squad Leaders
Pak 38 Mechanized Group
Construct Panzerarmee Kommand
Selects Defensive Positions
Combat Half-tracks
Panzergrenadier Squad
Armored Reserves
Vehicle Survival Package
Tungsten Core Ammunition
Emergency Repair Kits
Tiger Heavy Tank
Advanced Optics
Construct Mechanized Kompanie
Flak 36 Anti-tank Gun Team
Rapid Advance
Panzer III L Medium Tank
Panzer III L Medium Tank
Selects Crew Shock Tactics
Selects Butterfly Bomb Drop
Butterfly Bomb Drop
Butterfly Bomb Drop
Selects Elefant Tank Destroyer
Butterfly Bomb Drop
SchnellSchuh5000
PIGEONS ARE FBI DRONES
PietroAlierii
cottonpicker_69420
rockkiller31
GhettoSQG
Karl Marx
IronPixie
0
0
Comments
sign in to comment!
No comments posted yet!